 Dungeon Crawl Stone Soup version 0.28.0-53-g5a82cb258f (webtiles) character file.

Game seed: 2157746667475515191

900 pkoi the Gusty (level 7, -32/55 HPs)
             Began as a Demigod Air Elementalist on June 6, 2022.
             Killed from afar by a kobold brigand (49 damage)
             ... with a bolt of acid
             ... on level 6 of the Dungeon.
             The game lasted 00:12:29 (10262 turns).

pkoi the Gusty (Demigod Air Elementalist)          Turns: 10262, Time: 00:12:30

Health: -32/55     AC:  2    Str:  9    XL:     7   Next: 50%
Magic:  5/14       EV: 13    Int: 25    God:
Gold:   247        SH:  0    Dex: 14    Spells: 2/12 levels left

rFire   . . .      SeeInvis .   c - +0 short sword (chaos)
rCold   . . .      Faith    .   (no shield)
rNeg    . . .      Spirit   .   a - +0 robe
rPois   .          Reflect  .   (no helmet)
rElec   .          Harm     .   (no cloak)
rCorr   .          Rampage  .   (no gloves)
Will    .....                   (no boots)
Stlth   ++........              (no amulet)
HPRegen 0.18/turn               (no ring)
MPRegen 0.14/turn               (no ring)

@: lethally poisoned (-32 -> -44), slowed, very slow
A: high MP 1, forlorn, divine attributes
a: no special abilities


You were on level 6 of the Dungeon.
You visited 1 branch of the dungeon, and saw 6 of its levels.

You collected 247 gold pieces.

Inventory:

Hand Weapons
 c - a +0 short sword of chaos (weapon)
 l - a +0 rapier
Missiles
 i - 3 poisoned darts
Armour
 a - a +0 robe (worn)
Jewellery
 e - a +6 ring of strength
Scrolls
 d - a scroll of magic mapping
 f - a scroll of holy word
 g - a scroll of blinking
Potions
 b - a potion of attraction
 h - a potion of cancellation {unknown}
 j - a potion of haste
 k - a potion of heal wounds


   Skills:
 - Level 2.3 Fighting
 - Level 3.0 Dodging
 - Level 1.7 Stealth
 - Level 3.0 Spellcasting
 - Level 3.0 Conjurations
 - Level 2.2 Summonings
 + Level 6.1 Air Magic


You had 2 spell levels left.
You knew the following spells:

 Your Spells              Type           Power      Damage    Failure   Level
a - Shock                 Conj/Air       100%       1d9       1%          1
b - Static Discharge      Conj/Air       26%        N/A       2%          2
c - Call Canine Familiar  Summ           14%        N/A       12%         3
d - Airstrike             Air            17%        N/A       9%          4

Your spell library contained the following spells:

 Spells                   Type           Power      Damage    Failure   Level
 Summon Small Mammal      Summ           56%        N/A       4%          1
 Swiftness                Air            34%        N/A       2%          3
 Summon Guardian Golem    Hex/Summ       9%         N/A       19%         3
 Gell's Gravitas          Tloc           3%         N/A       30%         3
 Lesser Beckoning         Tloc           3%         N/A       30%         3
 Teleport Other           Tloc           3%         N/A       30%         3
 Tukima's Dance           Hex            3%         N/A       30%         3
 Anguish                  Hex/Necr       1%         N/A       69%         4
 Enfeeble                 Hex            1%         N/A       100%        7


Dungeon Overview and Level Annotations

Branches:
Dungeon (6/15)             Temple (0/1) D:4

Shops:
D:3 =   D:4 (

Annotations:
D:4 2 transporters


Innate Abilities, Weirdness & Mutations

You have an increased reservoir of magic. (+10% MP)
You shall have no god before yourself.
Your divine heritage dramatically boosts your attributes as you level up.


Message History

The zap hits the kobold!
You kill the kobold!
You hear a shout! x2
A kobold brigand comes into view.
It is wielding a +0 dagger, quivering curare-tipped darts and carrying a wand of acid (13).
A kobold comes into view. It is wielding a +0 whip.
The zap misses the kobold brigand.
The zap hits the kobold brigand!
The kobold brigand is moderately wounded.
The zap misses the kobold brigand.
A kobold comes into view. It is wielding a +0 short sword.
The kobold brigand throws a curare-tipped dart.
The curare-tipped dart hits you.
You are poisoned.
You have difficulty breathing.
You feel yourself slow down.
Unknown command.
You feel very sick.
You feel very sick.
The kobold brigand throws a curare-tipped dart.
The curare-tipped dart hits you.
You are more poisoned.
You have difficulty breathing.
* * * LOW HITPOINT WARNING * * *
You feel as though you will be slow longer.
Aiming: Shock (safe; 1% risk of failure)
Press: ? - help, Q - select action, (/) - cycle Shift-Dir - straight line, f/p - kobold brigand
Aim: a kobold brigand, wielding a +0 dagger, quivering curare-tipped darts and carrying a wand of acid (13) (moderately wounded, 67% to hit)
The zap hits the kobold brigand.
The kobold brigand is moderately wounded.
* * * LOW HITPOINT WARNING * * *
You feel extremely sick.
Unknown command.
Aiming: Shock (safe; 1% risk of failure)
Press: ? - help, Q - select action, (/) - cycle Shift-Dir - straight line, f/p - kobold brigand
Aim: a kobold brigand, wielding a +0 dagger, quivering curare-tipped darts and carrying a wand of acid (13) (moderately wounded, 67% to hit)
The zap hits the kobold brigand.
The kobold brigand is heavily wounded.
You feel very sick.
The kobold brigand zaps a wand.
The bolt of acid hits you!!!
Ouch! That really hurt!
You die...

.K.#.≈.≈≈≈.≈.# #####
#...........#
#..K≈≈≈≈≈≈≈.#
#..K........########
#K...............
#..#'############
#.....# #.#...#
#@#...# #.#...#
#.#...# .K.#.#...#
.).#.#...# ####
##°#°#. .)#.#####
...# ##.#.#o ..#.#
...# ##.#.## ...#
...# ##.#.## #o.#


You could see a kobold brigand and 2 kobolds.

Vanquished Creatures
  A sky beast (D:5)
  An ogre (D:5)
  A bullfrog (D:6)
  3 bullfrog zombies
  2 hounds
  3 jellies
  A bullfrog skeleton (D:5)
  A centaur skeleton (D:4)
  5 iguanas
  2 orc wizards
  Terence (D:2)
  4 gnolls (D:4)
  3 adders
  A white imp (D:6)
  An adder skeleton (D:2)
  A worm (D:2)
  5 dart slugs
  11 orcs
  5 bats
  2 endoplasms
  A giant cockroach (D:3)
  4 goblins
  3 hobgoblins
  2 jackals (D:3)
  10 kobolds
  6 quokkas
  7 ball pythons
  5 frilled lizards
  A rat (D:2)
93 creatures vanquished.

Notes
Turn   | Place    | Note
-------+----------+-------------------------------------------
     0 | D:1      | pkoi the Demigod Air Elementalist began the quest for the
                  | Orb.
     0 | D:1      | Reached XP level 1. HP: 14/14 MP: 5/5
   419 | D:1      | Reached skill level 3 in Air Magic
   880 | D:1      | Reached XP level 2. HP: 20/20 MP: 2/7
  1096 | D:1      | Learned a level 2 spell: Static Discharge
  1911 | D:2      | Reached XP level 3. HP: 22/26 MP: 1/8
  2104 | D:2      | Noticed Terence
  2173 | D:2      | Reached skill level 4 in Air Magic
  2256 | D:2      | Killed Terence
  3169 | D:3      | Found Remeh's Jewellery Emporium.
  3183 | D:3      | Learned a level 3 spell: Call Canine Familiar
  3366 | D:2      | Reached XP level 4. HP: 19/34 MP: 1/10
  4312 | D:4      | Reached skill level 1 in Summonings
  4397 | D:4      | Found Gizoyskyum's Antique Weapon Shop.
  4439 | D:4      | Reached XP level 5. HP: 39/39 MP: 7/11
  4445 | D:4      | Reached skill level 1 in Fighting
  4717 | D:4      | Found a glowing drain.
  5142 | D:4      | Noticed a yak
  5142 | D:4      | Noticed a centaur
  5144 | D:4      | Noticed a centaur
  5145 | D:4      | Found a transporter.
  5153 | D:4      | Found a transporter.
  5176 | D:4      | Noticed a balrug
  5451 | D:4      | Found a staircase to the Ecumenical Temple.
  5614 | D:5      | Entered Level 5 of the Dungeon
  5998 | D:5      | Reached XP level 6. HP: 37/48 MP: 5/13
  6185 | D:5      | Learned a level 4 spell: Airstrike
  7023 | D:5      | Reached skill level 5 in Air Magic
  7934 | D:6      | Reached skill level 1 in Conjurations
  8119 | D:6      | Reached XP level 7. HP: 33/55 MP: 3/14
  9678 | D:6      | Reached skill level 6 in Air Magic
 10262 | D:6      | Killed from afar by a kobold brigand

Illustrated notes

Levels and vault maps discovered:
D:1:      wander_arrival_peaceful_grave, layout_loops_ring
D:2:      layout_basic, hellmonk_ecumenical_altar_blasted, uniq_terence
D:3:      layout_basic, serial_shops, nicolae_shop_competitors_out_of_business
D:4:      layout_loops_corners, makhleb_altar_promises_db,
          gammafunk_temple_overflow_arena, nemelex_spade_bored_becter,
          ashenzari_altar_1, minmay_temple_entry_poolview,
          gup_sewer_entry_glass, grunt_decor_junction, nicolae_stop_n_shop_2,
          chequers_serial_rivers_micro_d
D:5:      layout_cave_pools, grunt_temple_overflow_gold_and_silver,
          minmay_fountain_box, minivault_23
D:6:      lemuel_ice_spiral_2, layout_basic, kennysheep_slug_shrine,
          mainiacjoe_overflow_cross_hatched

Skill      XL: |  1  2  3  4  5  6  7 |
---------------+----------------------+-----
Air Magic      | 3 4 5 6 |  6.1
Spellcasting   | 2 3 |  3.0
Dodging        | 2 3 |  3.0
Summonings     | 1 2 |  2.2
Fighting       | 1 2 |  2.3
Conjurations   | 1 3 |  3.0
Stealth        | |  1.7

Action                   |  1- 3 |  4- 6 |  7- 9 || total
-------------------------+-------+-------+-------++-------
Melee: Unarmed           |     6 |       |       ||     6
       Short sword       |    14 |    20 |    16 ||    50
       Punch             |       |     1 |       ||     1
Throw: Dart              |       |       |     4 ||     4
 Cast: Shock             |   100 |   114 |    45 ||   259
       Static Discharge  |     3 |    16 |     4 ||    23
  Use: Scroll            |     6 |     1 |     4 ||    11
       Potion            |     1 |     2 |       ||     3
 Stab: Paralysed         |       |       |     6 ||     6
Armor: Robe              |    14 |     9 |     2 ||    25
Dodge: Dodged            |    49 |    32 |    14 ||    95
